 Dungeon Crawl Stone Soup version 0.26-b1-32-g5d43845318 (webtiles) character file.

Game seed: 10817403152934848894

5701 MTVSty1e the Basher (level 10, 0/68 HPs)
             Began as a Gargoyle Monk on Jan 10, 2021.
             Was an Elder of Okawaru.
             Slain by a komodo dragon (14 damage)
             ... on level 9 of the Dungeon.
             The game lasted 00:12:35 (10839 turns).

MTVSty1e the Basher (Gargoyle Monk)                Turns: 10839, Time: 00:12:36

Health: 0/68       AC: 32    Str: 18    XL:     10   Next: 76%
Magic:  10/12      EV:  9    Int: 11    God:    Okawaru [****..]
Gold:   466        SH:  5    Dex: 12    Spells: 9/9 levels left

rFire    . . .     SeeInvis .   t - +2 mace (protect)
rCold    . . .     Faith    .   D - +0 buckler
rNeg     + . .     Spirit   .   u - +1 plate armour
rPois    ∞         Reflect  .   B - +0 helmet
rElec    +         Harm     .   n - +0 cloak
rCorr    .         Rampage  .   (no gloves)
Will     .....                  (no boots)
Stlth    ..........             m - amulet of the acrobat
HPRegen  0.21/turn              (no ring)
MPRegen  0.13/turn              (no ring)

@: heroism, protection aura, studying Armour
A: negative energy resistance 1, electricity resistance, unbreathing,
petrification resistance, miasma immunity, AC +7
a: Renounce Religion, Heroism


You were on level 9 of the Dungeon.
You worshipped Okawaru.
Okawaru was greatly pleased with you.
You visited 2 branches of the dungeon, and saw 10 of its levels.
You also visited: Sewer.

You collected 466 gold pieces.

Inventory:

Hand Weapons
 a - a +0 mace
 i - a +2 whip of draining
 t - a +2 mace of protection (weapon)
 E - a +1 war axe of flaming
Armour
 n - a +0 cloak (worn)
 u - a +1 plate armour (worn)
 B - a +0 helmet (worn)
 D - a +0 buckler (worn)
Jewellery
 m - an amulet of the acrobat (around neck)
 s - an uncursed ring of stealth {unknown}
Wands
 w - a wand of iceblast (19)
 y - a wand of polymorph (7)
 A - a wand of flame (77)
Scrolls
 c - 2 scrolls of identify
 e - a scroll of fear
 f - 6 scrolls of teleportation
 h - 7 scrolls of blinking
 o - 2 scrolls of amnesia
 p - 2 scrolls of remove curse
 v - 2 scrolls of magic mapping
 x - 2 scrolls of fog
Potions
 b - 5 potions of curing
 d - 5 potions of brilliance
 g - 3 potions of might
 j - 2 potions of resistance
 k - 4 potions of heal wounds
 l - 6 potions of haste
 q - a potion of attraction
 r - 2 potions of mutation
 z - 2 potions of degeneration
 C - a potion of berserk rage
Books
 F - a manual of Armour


   Skills:
 + Level 9.9(14.9) Fighting
 * Level 12.3(17.3) Maces & Flails
 + Level 5.4(10.4) Armour
 - Level 2.4(7.4) Dodging
 - Level 2.1(7.1) Stealth
 + Level 3.7 Invocations


You had 9 spell levels left.
You didn't know any spells.
Your spell library was empty.

Dungeon Overview and Level Annotations

Branches:
Dungeon (9/15)             Temple (1/1) D:5            Lair (0/6) D:9
  Sewer (visited)
    Orc: D:9-12

Altars:
Ashenzari
Cheibriados
Dithmenos
Elyvilon
Fedhas
Gozag
Hepliaklqana
Kikubaaqudgha
Makhleb
Nemelex Xobeh
Okawaru
Qazlal
Ru
Sif Muna
Trog
Uskayaw
Vehumet
Wu Jian
Xom
Yredelemnul
Zin
The Shining One

Shops:
D:5 ([*   D:7 ?

Annotations:
D:3 2 runed translucent doors, Borgoz's ghost, amateur MiGl


Innate Abilities, Weirdness & Mutations

You are resistant to torment.
Your stone body is resilient. (AC +7)
You are immune to poison.
You resist negative energy. (rN+)
You are resistant to electric shocks. (rElec)
You can survive without breathing.
You are immune to petrification.
You are immune to miasma.


Message History

You are too injured to fight recklessly!
You are too injured to fight recklessly!
You are too injured to fight recklessly!
You are too injured to fight recklessly!
Unknown command.
You hit the komodo dragon.
The komodo dragon is moderately wounded.
The komodo dragon bites you but does no damage.
You gain the combat prowess of a mighty hero.
The komodo dragon bites you!
You thump the komodo dragon!
The komodo dragon is heavily wounded.
The komodo dragon bites you!
* * * LOW HITPOINT WARNING * * *
You barely miss the komodo dragon.
The komodo dragon is heavily wounded.
You hit the komodo dragon but do no damage.
The komodo dragon is heavily wounded.
The komodo dragon bites you!
You die...

.........................
##########.######.######
# #.# #.# #.## ##..###
###.....### #
##.........##
#)#...@l.PP.PP#
#.....PPP.PPPP#
#.....PP....PP#
##..PPPP..>.PP#


##PPPPPP...PP# ##PPPPPPPPP## ########### You could see a komodo dragon.

Vanquished Creatures
  Maggie (D:7)
  A troll (D:9)
  Prince Ribbit (D:7)
  Eustachio (D:5)
  A shadow (D:9)
  6 yaks (D:9)
  2 water moccasins
  2 orc warriors
  3 ice beasts
  A black bear (D:8)
  A phantom (D:5)
  A sky beast (D:8)
  3 ogres
  A necrophage (D:8)
  A centaur (D:6)
  A big kobold (D:8)
  4 bullfrogs
  4 scorpions
  A killer bee (D:8)
  12 wights
  A howler monkey (D:4)
  A centaur zombie (D:6)
  3 hounds
  2 centaur skeletons (D:8)
  A gnoll shaman (D:6)
  8 orc priests
  A jelly (D:9)
  Natasha (thrice) (D:4)
  3 iguanas (D:9)
  6 orc wizards
  6 worker ants
  A howler monkey zombie (D:8)
  13 adders
  5 gnolls (D:6)
  2 river rats (D:6)
  A shadow imp (D:8)
  5 white imps
  2 ufetubi
  12 oozes
  An adder zombie (D:9)
  2 adder skeletons
  5 worms
  3 dart slugs
  8 leopard geckos
  26 orcs
  12 giant cockroaches
  8 goblins
  7 hobgoblins
  18 jackals
  12 kobolds
  A quokka (D:8)
  15 ball pythons
  9 bats
  14 frilled lizards
  A giant cockroach zombie (D:5)
  A jackal skeleton (D:4)
  A leopard gecko skeleton (D:4)
  A quokka skeleton (D:8)
  7 rats
276 creatures vanquished.

Vanquished Creatures (others)
  3 plants (D:9)
3 creatures vanquished.

Grand Total: 279 creatures vanquished

Notes
Turn   | Place    | Note
-------+----------+-------------------------------------------
     0 | D:1      | MTVSty1e the Gargoyle Monk began the quest for the Orb.
     0 | D:1      | Reached XP level 1. HP: 14/14 MP: 1/1
   169 | D:1      | Reached XP level 2. HP: 16/19 MP: 2/2
   963 | D:1      | Reached XP level 3. HP: 23/24 MP: 3/3
  1382 | D:2      | Reached skill level 4 in Maces & Flails
  1631 | D:2      | Found a blossoming altar of Fedhas.
  1748 | D:2      | Found an ancient bone altar of Kikubaaqudgha.
  1803 | D:2      | Found a bloodstained altar of Trog.
  1857 | D:2      | Reached XP level 4. HP: 29/29 MP: 4/4
  2087 | D:2      | Reached XP level 5. HP: 32/34 MP: 5/5
  2416 | D:3      | Found a runed translucent door.
  2423 | D:3      | Noticed Borgoz's ghost (amateur MiGl)
  2489 | D:3      | Found a radiant altar of Vehumet.
  2567 | D:3      | Reached skill level 5 in Maces & Flails
  2732 | D:3      | Found a runed translucent door.
  2863 | D:3      | Noticed an ice beast
  2884 | D:3      | Killed an ice beast
  2885 | D:3      | Reached XP level 6. HP: 18/40 MP: 6/6
  2890 | D:3      | Reached skill level 5 in Fighting
  3377 | D:4      | Noticed Natasha
  3384 | D:4      | Reached skill level 6 in Maces & Flails
  3398 | D:4      | Killed Natasha
  3579 | D:4      | Reached XP level 7. HP: 25/44 MP: 3/7
  3582 | D:4      | Noticed Natasha
  3616 | D:4      | Killed Natasha
  3883 | D:4      | Reached skill level 7 in Maces & Flails
  4274 | D:4      | Noticed Natasha
  4288 | D:4      | Killed Natasha
  4376 | D:5      | Entered Level 5 of the Dungeon
  4517 | D:5      | Found a staircase to the Ecumenical Temple.
  4521 | D:5      | Found Kun Loud's Antique Weapon Boutique.
  4533 | Temple   | Entered the Ecumenical Temple
  4717 | Temple   | Became a worshipper of Warmaster Okawaru
  4717 | Temple   | Reached * piety under Okawaru
  4717 | Temple   | Reached ** piety under Okawaru
  4807 | D:5      | Reached XP level 8. HP: 45/52 MP: 8/8
  4917 | D:5      | Noticed Eustachio
  4937 | D:5      | Killed Eustachio
  4938 | D:5      | Reached skill level 8 in Maces & Flails
  5090 | D:5      | Found Akliolo's General Store.
  5389 | D:5      | Reached *** piety under Okawaru
  5710 | D:5      | Found Goitiucohull's Antique Armour Shop.
  5732 | D:6      | Found a glowing drain.
  5770 | D:6      | Reached skill level 9 in Maces & Flails
  5805 | Sewer    | Entered a sewer
  6369 | Sewer    | Reached XP level 9. HP: 44/58 MP: 7/9
  6657 | D:6      | Reached skill level 10 in Maces & Flails
  7544 | D:7      | Found Fekomm's Magic Scroll Emporium.
  7643 | D:7      | Reached **** piety under Okawaru
  7762 | D:7      | Noticed Prince Ribbit
  7764 | D:7      | Noticed Maggie
  8042 | D:7      | Killed Maggie
  8101 | D:7      | Killed Prince Ribbit
  8102 | D:7      | Reached skill level 11 in Maces & Flails
  8972 | D:8      | Reached skill level 1 in Armour
  8972 | D:8      | Reached skill level 1 in Invocations
  8972 | D:8      | Reached XP level 10. HP: 64/66 MP: 10/10
  9352 | D:8      | Found a white marble altar of Elyvilon.
  9468 | D:8      | Found a basalt altar of Yredelemnul.
  9654 | D:9      | Reached skill level 12 in Maces & Flails
 10184 | D:9      | Reached skill level 5 in Armour
 10591 | D:9      | Reached ***** piety under Okawaru
 10817 | D:9      | Found a staircase to the Lair.
 10839 | D:9      | Slain by a komodo dragon

Illustrated notes

Levels and vault maps discovered:
D:1:      heliophobic_arrival_dark_side_of_the_moon, layout_loops_ring,
          kennysheep_flooded_box
D:2:      minmay_angry_zag, layout_basic, fedhas_altar_3, old_standard_altar,
          bloody_trog, guppyfry_early_orc_mine
D:3:      layout_basic, vehumet_crystals, ebering_ghost_sewer_f,
          kennysheep_doodads, dk_noncrumbling_3
D:4:      layout_basic, uniq_natasha
D:5:      layout_loops_ring, minmay_temple_entry_tees, serial_shops, shop, shop,
          shop_statue, kennysheep_small_spiral, uniq_eustachio
D:6:      layout_basic, cheibrodos_sewer_entry_sluice, kennysheep_potato
D:7:      layout_rooms, serial_shops, nicolae_shop_trees, uniq_maggie,
          uniq_prince_ribbit1
D:8:      layout_loops_cross, kennysheep_ying_yang, minmay_manual_moon
D:9:      layout_long_grid, david_lair_shrubbed
Temple:   eino_temple_scatter_basement

Skill      XL: |  1  2  3  4  5  6  7  8  9 10 |
---------------+-------------------------------+-----
Maces & Flails | 4 5 6 7 9 11 12 | 12.3
Fighting       | 4 5 6 7 9 |  9.9
Armour         | 1 5 |  5.4
Invocations    | 1 3 |  3.7
Dodging        | |  2.4
Stealth        | |  2.1

Action                   |  1- 3 |  4- 6 |  7- 9 | 10-12 || total
-------------------------+-------+-------+-------+-------++-------
Melee: Mace              |    58 |       |   752 |   255 ||  1065
       Whip              |    64 |   168 |    58 |       ||   290
       Punch             |       |       |       |     1 ||     1
Invok: Heroism           |       |       |     1 |     3 ||     4
  Use: Potion            |       |     2 |     4 |       ||     6
       Scroll            |       |    13 |     9 |     3 ||    25
 Stab: Sleeping          |     8 |     2 |       |       ||    10
Armor: Robe              |    35 |       |       |       ||    35
       Ring mail         |     3 |    79 |   131 |       ||   213
       Plate armour      |       |       |   504 |   166 ||   670
Dodge: Dodged            |    99 |    99 |   281 |    71 ||   550
Block: Buckler           |       |       |       |     1 ||     1
